 Dungeon Crawl Stone Soup version 0.18.1-6-gd335043 (webtiles) character file.

219139 Loading the Stickfighter (level 19, 0/127 HPs)
             Began as a Gargoyle Gladiator on May 15, 2016.
             Was a High Priest of Qazlal.
             Slain by a naga warrior
             ... wielding a +2 short sword of protection
              (10 damage)
             ... on level 4 of the Snake Pit.
             The game lasted 01:57:23 (38529 turns).

Loading the Stickfighter (Gargoyle Gladiator)      Turns: 38529, Time: 01:57:24

Health: 0/127      AC: 39    Str: 24    XL:     19   Next: 53%
Magic:  15/31      EV: 12    Int: 10    God:    Qazlal [*****.]
Gold:   2908       SH:  6    Dex: 20    Spells: 0 memorised, 18 levels left

rFire  + + +     SeeInvis .     Q - +4 lajatang (elec)
rCold  . . .     Gourm    .     m - +1 fire dragon armour
rNeg   + . .     Faith    .     (shield currently unavailable)
rPois  ∞         Spirit   .     g - +1 hat of Good Intentions {rF+++ Str+4 Dex-4}
rElec  +         Dismiss  +     w - +1 cloak {MR+}
rCorr  .         Reflect  .     n - +1 pair of gloves
SustAt .         Harm     .     (no boots)
MR     ++...                    D - amulet of dismissal
Stlth  ..........               u - +6 ring of dexterity
                                I - ring of protection from cold

@: protected from physical damage, flying, repel missiles, very resistant to
hostile enchantments, extremely unstealthy
A: big wings, yellow scales 1, agile 1, negative energy resistance 1,
electricity resistance, unbreathing, petrification resistance, rot immunity, AC
+13
a: Stop Flying, Upheaval, Elemental Force, Disaster Area, Renounce Religion


You were on level 4 of the Snake Pit.
You worshipped Qazlal.
Qazlal was extremely pleased with you.
You were not hungry.

You visited 5 branches of the dungeon, and saw 30 of its levels.
You also visited: Ice Cave.

You collected 3495 gold pieces.
You spent 587 gold pieces at shops.

Inventory:

Hand Weapons
 a - the +3 quarterstaff "Q" {flame, +Rage}
   (You found it on level 5 of the Lair of Beasts)

   It has been specially enchanted to burn those struck by it, causing extra
   injury to most foes and up to half again as much damage against particularly
   susceptible opponents.
   It lets you go berserk.
 Q - a +4 lajatang of electrocution (weapon)
Missiles
 B - a throwing net (quivered)
Armour
 c - a +1 helmet
 g - the +1 hat of Good Intentions (worn) {rF+++ Str+4 Dex-4}
   (You found it in an ice cave)

   It affects your strength (+4).
   It affects your dexterity (-4).
   It renders you almost immune to fire.
 m - a +1 fire dragon armour (worn)
 n - a +1 pair of gloves (worn)
 v - the -1 hat "Fuaghom" {rPois Str+4}
   (You acquired it on level 13 of the Dungeon)

   It affects your strength (+4).
   It protects you from poison.
 w - a +1 cloak of magic resistance (worn)
 E - a +0 plate armour
Rods
 O - a +0 rod of shadows (9/9)
   (You found it on level 8 of the Dungeon)
Jewellery
 q - an uncursed ring of sustain attributes
 u - a +6 ring of dexterity (right hand)
 D - an amulet of dismissal (around neck)
 G - a +4 ring of strength
 H - an uncursed ring of fire
 I - a ring of protection from cold (left hand)
 L - an uncursed amulet of rage
 P - a cursed -2 ring of strength
 T - a +3 ring of evasion
 W - an uncursed ring of magical power
Wands
 x - a wand of random effects (25/48)
 z - a wand of slowing (16/48)
 J - a wand of flame (33/48)
 Z - a wand of confusion (36/48)
Scrolls
 e - a scroll of enchant weapon
 k - 20 scrolls of remove curse
 l - 6 scrolls of enchant armour
 o - 6 scrolls of immolation
 y - 10 scrolls of recharging
 K - 5 scrolls of magic mapping
 M - 2 scrolls of teleportation
 U - 8 scrolls of amnesia
Potions
 d - a potion of ambrosia
 h - 4 potions of lignification
 i - a potion of magic
 j - 4 potions of mutation
 p - 4 potions of agility
 r - 6 potions of curing
 s - 2 potions of invisibility
 A - a potion of resistance
 C - 2 potions of brilliance
 N - a potion of berserk rage
 S - 5 potions of cancellation
Books
 V - a book of Unlife

   Spells                             Type                      Level
   a - Recall                         Summoning/Translocation      3
   b - Animate Dead                   Necromancy                   4
   c - Control Undead                 Necromancy                   4
   d - Cigotuvi's Embrace             Necromancy                   5
   e - Death Channel                  Necromancy                   6
   f - Simulacrum                     Ice/Necromancy               6
 Y - a book of Conjurations

   Spells                             Type                      Level
   a - Magic Dart                     Conjuration                  1
   b - Searing Ray                    Conjuration                  2
   c - Dazzling Spray                 Conjuration/Hexes            3
   d - Fulminant Prism                Conjuration/Hexes            4
   e - Iskenderun's Mystic Blast      Conjuration                  4
   f - Iskenderun's Battlesphere      Conjuration/Charms           5
Comestibles
 b - a slice of pizza
 f - 16 bread rations
 t - 11 royal jellies


   Skills:
 + Level 16.4 Fighting
 * Level 20.4 Staves
 - Level 1.7 Throwing
 + Level 16.0 Armour
 - Level 2.4 Dodging
 + Level 17.5 Invocations


You had 18 spell levels left.
You didn't know any spells.

Dungeon Overview and Level Annotations

Branches:
Dungeon (15/15)            Temple (1/1) D:5            Lair (8/8) D:11
  Swamp (0/4) Lair:4        Snake (4/4) Lair:3        Slime (0/6) Lair:6
    Orc (2/2) D:11            Elf (0/3) Orc:2        Vaults (0/5) D:14
 Depths (0/5) D:15

Altars:
Ashenzari
Cheibriados
Dithmenos
Elyvilon
Fedhas
Gozag
Kikubaaqudgha
Makhleb
Nemelex Xobeh
Okawaru
Pakellas
Qazlal
Ru
Sif Muna
Trog
Vehumet
Xom
Yredelemnul
Zin
The Shining One

Shops:
D:5 :   D:7 =   D:11 ([   Orc:2 ***[   Snake:1 }   Snake:3 *

Annotations:
D:14 3 runed doors
Lair:8 1 runed door


Innate Abilities, Weirdness & Mutations

You are resistant to torment.
Your stone body is resilient (AC +13).
You are immune to poison.
Your large and strong wings let you fly indefinitely.
You resist negative energy.
You are resistant to electric shocks.
You can survive without breathing.
You are immune to petrification.
You are immune to rotting.
You are partially covered in yellow scales (AC +2).
You are agile. (Dex +2)


Message History

Qazlal accepts your kill.
The blast of magma engulfs the naga mage.
You kill the naga mage!
Qazlal accepts your kill.
The blast of rubble hits the naga sharpshooter.
The naga sharpshooter is almost dead.
Unknown command.
You hit the naga warrior but do no damage.
There is a sudden explosion of sparks!
The naga warrior is heavily wounded.
You barely miss the naga warrior.
The naga warrior is heavily wounded.
The naga warrior spits poison at you. The splash of poison misses you.
You slice the naga warrior!!
The naga warrior is severely wounded.
The naga warrior spits poison at you. The splash of poison misses you.
The naga warrior hits you with a short sword of protection!
You die...

*,,,,,*,,,,,***,,............
**,,,***,,,,,,,,***#.........
*,,,,**,,,,,,,,* #..N......
*****,,.,**,,,****,* ##......[.
*,,***,..#*,,** *,* ##....###.
*,,,***,...,,* *### #..(###*#.
*,,,***,,,..,* #.# #...(.#*..
**,,,**,,,*#N######.###..####...
*,,,,,,,**#≈†.@NN)≈≈≈).## *,*.#
*,*,,,,**#≈######.≈≈≈).# *,,,*
*,***,,**,** ##.....#***,,,*
*,,,**,,,** #.........,,,*
****,,,,,** ##.........,,*
*****,,,,* **.....###...,,
*,,,,*,,,** **........*,..,,
**,,,,,,,,,* **..........,,.,,
*,,,,,,,,,,****...........,,*,,


You could see 2 naga warriors and a naga sharpshooter.

Vanquished Creatures
  Mara (Snake:3)
  Vashnia (Snake:3)
  Rupert (Lair:6)
  An Ice Fiend (IceCv)
  Gastronok (D:8)
  A sphinx (D:15)
  The ghost of 4thArraOfDagon the Executioner, an adept MiBe of Trog (D:15)
  6 greater nagas
  A storm dragon (D:14)
  A tengu reaver (D:15)
  Maud (D:10)
  Aizul (Snake:1)
  3 orc warlords
  Louise (Snake:1)
  A vampire knight (D:15)
  Nessos (Lair:6)
  A salamander stormcaller (D:15)
  Erolcha (D:11)
  Snorg (D:14)
  An ettin (D:15)
  3 yaktaur captains (D:15)
  An ice dragon (D:15)
  14 naga warriors
  9 hydras
  2 catoblepae
  7 centaur warriors
  14 anacondas
  2 dancing weapons (D:14)
  2 ogre magi
  2 tengu warriors
  7 death yaks
  2 deep troll earth magi
  3 orc high priests (Orc:2)
  6 shock serpents
  19 naga sharpshooters
  Nergalle (D:10)
  A deep elf knight (D:15)
  The ghost of Aelig the Destroyer, a novice OpVM of Ashenzari (Lair:2)
  3 salamander mystics
  3 unseen horrors
  A flayed ghost (D:15)
  11 naga ritualists
  A lindwurm (Lair:8)
  7 hill giants
  Pikel (D:7)
  A harpy (D:15)
  2 wizards (D:14)
  14 mana vipers
  3 wolf spider zombies
  8 ugly things
  9 orc knights
  10 orc sorcerers
  4 manticores
  A hornet (D:15)
  3 deep elf magi
  10 salamanders
  8 cyclopes
  11 elephants
  6 griffons
  2 guardian serpents
  Joseph (D:7)
  26 naga magi
  49 black mambas
  3 ice statues (IceCv)
  2 gargoyles (D:12)
  6 torpor snails (Lair:8)
  17 spiny frogs
  An efreet (D:15)
  2 yaktaurs
  3 kobold demonologists
  11 komodo dragons
  4 rime drakes
  11 ice devils (IceCv)
  The ghost of Yehuk the Protected, a novice GrFi (D:6)
  An anaconda simulacrum (IceCv)
  4 freezing wraiths
  4 tengu conjurers
  14 trolls
  2 polar bears
  6 giant leeches (Lair:8)
  A troll (shapeshifter) (D:15)
  A polar bear (shapeshifter) (D:15)
  A queen bee (D:12)
  3 golden dragon simulacra (IceCv)
  3 two-headed ogres
  The ghost of Statics the Covered, an amateur FoFi (D:4)
  14 blink frogs
  A boulder beetle (Lair:8)
  A hornet zombie (D:14)
  9 slime creatures
  A centaur simulacrum (D:15)
  A redback (shapeshifter) (D:15)
  A human (D:7)
  6 shadows
  4 wyverns
  A hog (D:7)
  37 yaks
  3 vampires
  A dire elephant simulacrum (IceCv)
  Eustachio (D:4)
  2 water elementals (D:14)
  5 basilisks
  24 vampire mosquitoes
  12 hippogriffs
  2 hungry ghosts
  An iron troll simulacrum (IceCv)
  10 wargs
  A mottled dragon (shapeshifter) (D:13)
  38 nagas
  3 mottled dragons
  28 water moccasins
  A harpy simulacrum (IceCv)
  9 porcupines
  3 hydra simulacra (IceCv)
  52 orc warriors
  2 sky beasts
  3 wasps (Lair:8)
  4 ice beasts
  3 black bears
  7 ogres
  2 eyes of draining
  29 wolves
  15 centaurs
  17 crocodiles
  5 big kobolds
  25 giant frogs
  A gnoll sergeant (D:11)
  2 wyvern zombies
  A wyvern skeleton (D:13)
  A water moccasin zombie (D:8)
  A water moccasin skeleton (D:7)
  7 scorpions
  24 killer bees (D:12)
  6 wights
  2 electric eels
  14 howler monkeys
  8 crimson imps
  2 giant frog zombies
  A wyvern simulacrum (D:14)
  4 centaur zombies
  19 jellies
  18 orc priests
  Crazy Yiuf (D:3)
  2 hounds
  31 orc wizards
  9 centaur skeletons
  2 giant frog skeletons
  12 iguanas
  12 worker ants
  A killer bee zombie (D:10)
  29 sheep
  A hound zombie (D:7)
  A hound skeleton (D:8)
  A howler monkey skeleton (D:8)
  2 worker ant zombies (D:5)
  19 adders
  8 gnolls
  84 river rats
  3 shadow imps
  2 oozes
  2 adder skeletons
  An adder zombie (D:7)
  20 worms
  A worm (shapeshifter) (D:14)
  5 dart slugs
  6 giant geckos
  107 orcs
  4 bats
  6 giant cockroaches
  8 goblins
  6 hobgoblins
  13 jackals
  28 kobolds
  8 quokkas
  5 ball pythons
  2 giant newts
  A quokka skeleton (D:6)
  10 rats
  4 bushes
  70 fungi
  38 plants
1480 creatures vanquished.

Vanquished Creatures (others)
  A shock serpent (Snake:4)
  An unseen horror (D:15)
  A naga mage (Snake:3)
  2 nagas (Snake:4)
  3 slaves (D:7)
  A scorpion (D:14)
  An orc wizard (Orc:1)
  A jackal skeleton (D:7)
  A bush (Lair:7)
  27 fungi
  18 plants
57 creatures vanquished.

Grand Total: 1537 creatures vanquished

Notes
Turn   | Place    | Note
--------------------------------------------------------------
     0 | D:1      | Loading the Gargoyle Gladiator began the quest for the Orb.
     0 | D:1      | Reached XP level 1. HP: 12/12 MP: 1/1
    50 | D:1      | Reached XP level 2. HP: 15/17 MP: 2/2
   263 | D:1      | You fall through a shaft!
   323 | D:2      | Reached skill level 1 in Armour
   323 | D:2      | Reached XP level 3. HP: 18/22 MP: 3/3
   356 | D:2      | Reached skill level 4 in Staves
   423 | D:2      | Found a shattered altar of Ashenzari.
   517 | D:2      | Reached XP level 4. HP: 25/27 MP: 4/4
   564 | D:2      | Found a shattered altar of Ashenzari.
   573 | D:2      | Found an oddly glowing altar of Pakellas.
   573 | D:2      | Found an opulent altar of Gozag.
   578 | D:2      | Found a white marble altar of Elyvilon.
  1616 | D:3      | Reached XP level 5. HP: 17/32 MP: 5/5
  2045 | D:3      | Found a shadowy altar of Dithmenos.
  2192 | D:3      | Reached skill level 5 in Staves
  2301 | D:3      | Noticed Crazy Yiuf
  2310 | D:3      | Killed Crazy Yiuf
  2625 | D:3      | Reached XP level 6. HP: 35/37 MP: 6/6
  2747 | D:4      | Noticed a vampire
  2770 | D:4      | Killed a vampire
  2922 | D:4      | Noticed Eustachio
  2970 | D:4      | Killed Eustachio
  2970 | D:4      | Reached skill level 6 in Staves
  2970 | D:4      | Reached XP level 7. HP: 24/44 MP: 7/7
  3264 | D:4      | Noticed Statics's ghost (amateur FoFi)
  3287 | D:4      | Killed Statics's ghost
  3308 | D:4      | Reached skill level 5 in Fighting
  3308 | D:4      | Reached skill level 7 in Staves
  3308 | D:4      | Reached XP level 8. HP: 44/49 MP: 8/8
  3541 | D:5      | Entered Level 5 of the Dungeon
  3639 | D:5      | Reached skill level 5 in Armour
  3867 | D:5      | Found Equs's Book Shoppe.
  4094 | D:5      | Reached skill level 8 in Staves
  4269 | D:5      | Gained mutation: You are partially covered in yellow scales (AC +2). [potion of beneficial mutation]
  4347 | D:5      | Found a staircase to the Ecumenical Temple.
  4362 | Temple   | Entered the Ecumenical Temple
  4394 | Temple   | Became a worshipper of Qazlal Stormbringer
  4574 | D:6      | Noticed Yehuk's ghost (novice GrFi)
  4607 | D:6      | Found a white marble altar of Elyvilon.
  4671 | D:6      | Reached XP level 9. HP: 55/55 MP: 9/9
  4752 | D:6      | Found a basalt altar of Yredelemnul.
  4836 | D:6      | Killed Yehuk's ghost
  5156 | D:6      | Reached skill level 9 in Staves
  5901 | D:7      | Noticed Pikel
  5914 | D:7      | Killed Pikel
  5988 | D:7      | Found a shimmering altar of Xom.
  6009 | D:7      | Noticed Joseph
  6039 | D:7      | Killed Joseph
  6039 | D:7      | Reached skill level 10 in Staves
  6046 | D:7      | Reached * piety under Qazlal
  6055 | D:7      | Reached XP level 10. HP: 63/63 MP: 10/10
  6128 | D:7      | Found Ewiuni's Jewellery Shop.
  6135 | D:7      | Bought a +4 ring of strength for 378 gold pieces
  6329 | D:7      | Reached skill level 1 in Invocations
  6741 | D:8      | Reached ** piety under Qazlal
  7077 | D:8      | Reached skill level 11 in Staves
  7291 | D:8      | Noticed Gastronok
  7317 | D:8      | Killed Gastronok
  7317 | D:8      | Reached XP level 11. HP: 39/71 MP: 12/14
  7383 | D:8      | Reached *** piety under Qazlal
  8194 | D:9      | Found a glowing golden altar of the Shining One.
  8304 | D:9      | Reached skill level 5 in Invocations
  8310 | D:9      | Reached skill level 12 in Staves
  8321 | D:9      | Reached **** piety under Qazlal
  8502 | D:9      | Paralysed by fainting for 8 turns
  8637 | D:9      | Found a burning altar of Makhleb.
  8640 | D:9      | Found a glowing silver altar of Zin.
  8640 | D:9      | Noticed an angel
  8641 | D:9      | Noticed a balrug
  8875 | D:10     | Entered Level 10 of the Dungeon
  8903 | D:10     | Noticed a deep elf mage
  8926 | D:10     | Killed an unseen horror
  8933 | D:10     | Killed a deep elf mage
  8951 | D:10     | Noticed an ogre mage
  8953 | D:10     | Killed an ogre mage
  8963 | D:10     | Noticed Nergalle
  9070 | D:10     | Killed Nergalle
  9402 | D:9      | Reached skill level 10 in Armour
  9682 | D:10     | Reached XP level 12. HP: 76/77 MP: 16/16
  9939 | D:10     | Reached skill level 10 in Fighting
 10108 | D:11     | Noticed Maud
 10136 | D:10     | Killed Maud
 10136 | D:10     | Reached skill level 13 in Staves
 10567 | D:11     | Found Idwol's Weapon Shoppe.
 10568 | D:11     | Found a staircase to the Orcish Mines.
 10568 | D:11     | Found Rihachec's Armour Shoppe.
 10778 | D:11     | Noticed Erolcha
 10788 | D:11     | Killed Erolcha
 11429 | D:11     | Found a staircase to the Lair.
 11614 | Lair:1   | Entered Level 1 of the Lair of Beasts
 12234 | Lair:1   | Noticed a four-headed hydra
 12241 | Lair:1   | Killed a four-headed hydra
 12566 | Lair:1   | Reached ***** piety under Qazlal
 13210 | Lair:2   | Reached skill level 14 in Staves
 13296 | Lair:2   | Noticed Aelig's ghost (novice OpVM)
 13303 | Lair:2   | Reached XP level 13. HP: 73/84 MP: 19/19
 13319 | Lair:2   | Killed Aelig's ghost
 14737 | Lair:3   | Found a staircase to the Snake Pit.
 15066 | Lair:4   | Reached ****** piety under Qazlal
 15298 | Lair:4   | Gained mutation: You are agile. (Dex +2) [potion of beneficial mutation]
 15912 | Lair:4   | Found a staircase to the Swamp.
 16371 | Lair:5   | Got a transparent quarterstaff
 16372 | Lair:5   | Identified the +3 quarterstaff "Q" {flame, +Rage} (You found it on level 5 of the Lair of Beasts)
 16513 | Lair:5   | Reached skill level 15 in Staves
 16979 | Lair:6   | Noticed Rupert
 17125 | Lair:6   | Paralysed by Rupert for 7 turns
 17132 | Lair:6   | Killed Rupert
 17132 | Lair:6   | Gained mutation: Your large and strong wings let you fly indefinitely. [Gargoyle growth]
 17132 | Lair:6   | Reached XP level 14. HP: 67/92 MP: 18/21
 17137 | Lair:6   | Found a staircase to the Slime Pits.
 17611 | Lair:6   | Noticed Nessos
 17612 | Lair:6   | Killed Nessos
 17612 | Lair:6   | Reached skill level 10 in Invocations
 18384 | Lair:7   | Got an ebony scythe
 18604 | Lair:7   | Identified a scroll of acquirement
 18845 | Lair:8   | Entered Level 8 of the Lair of Beasts
 18924 | Lair:7   | Reached skill level 16 in Staves
 19446 | Lair:8   | Found a runed door.
 20162 | Lair:8   | Reached XP level 15. HP: 80/98 MP: 23/23
 20896 | Orc:1    | Entered Level 1 of the Orcish Mines
 21175 | Orc:1    | Noticed an orc warlord
 21198 | D:11     | Killed an orc warlord
 21721 | Orc:1    | Reached skill level 17 in Staves
 22047 | Orc:2    | Entered Level 2 of the Orcish Mines
 22059 | Orc:2    | Noticed an orc warlord
 22077 | Orc:1    | Killed an orc warlord
 22255 | Orc:2    | Found a staircase to the Elven Halls.
 22901 | Orc:2    | Paralysed by an orc sorcerer for 5 turns
 23386 | Orc:2    | Found Pijerey's Assorted Antiques.
 23392 | Orc:2    | Found Cauxadag's General Store.
 23396 | Orc:2    | Found Zeorch Eseicw's General Store.
 23400 | Orc:2    | Found Iferoul's Antique Armour Boutique.
 23443 | Orc:2    | Bought a scroll labeled FEAMYRE MAFAW for 34 gold pieces
 25308 | D:13     | Reached XP level 16. HP: 105/105 MP: 25/25
 25699 | D:13     | Got a heavily runed hat
 25711 | D:13     | Identified the -1 hat "Fuaghom" {rPois Str+4} (You acquired it on level 13 of the Dungeon)
 26217 | D:14     | Noticed Snorg
 26229 | D:14     | Killed Snorg
 26261 | D:14     | Found a gate to the Vaults.
 26506 | D:14     | Found a runed gate.
 26506 | D:14     | Found a runed gate.
 26506 | D:14     | Found a runed gate.
 26824 | D:14     | Noticed a storm dragon
 26864 | D:14     | Noticed a storm dragon
 26864 | D:14     | an emperor scorpion changed into a storm dragon
 26869 | D:14     | Found a runed gate.
 26870 | D:14     | Found a runed gate.
 26870 | D:14     | Found a runed gate.
 27238 | D:14     | Reached skill level 18 in Staves
 27402 | D:14     | Killed a storm dragon
 27636 | D:15     | Entered Level 15 of the Dungeon
 27699 | D:15     | Noticed 4thArraOfDagon's ghost (adept MiBe)
 27718 | D:15     | Killed 4thArraOfDagon's ghost
 27992 | D:15     | Found a stormy altar of Qazlal.
 27992 | D:15     | Found a blossoming altar of Fedhas.
 27993 | D:15     | Found a sparkling altar of Nemelex Xobeh.
 28510 | D:15     | Found a staircase to the Depths.
 28644 | D:15     | Reached XP level 17. HP: 80/112 MP: 27/27
 28840 | D:15     | Noticed a sphinx
 29847 | D:15     | Killed a sphinx
 29847 | D:15     | Reached skill level 15 in Fighting
 30472 | Snake:1  | Entered Level 1 of the Snake Pit
 30529 | Snake:1  | Noticed Louise
 30532 | Snake:1  | Killed Louise
 30532 | Snake:1  | Reached skill level 15 in Invocations
 30856 | Snake:1  | Noticed Aizul
 30873 | Snake:1  | Killed Aizul
 31048 | Snake:1  | Found Uxuxuz's Gadget Emporium.
 31081 | Snake:1  | Reached skill level 19 in Staves
 31290 | Snake:1  | Reached skill level 15 in Armour
 32137 | Snake:2  | Reached XP level 18. HP: 79/119 MP: 29/29
 33368 | Snake:2  | Found a runed gate.
 33368 | Snake:2  | Found a runed gate.
 33368 | Snake:2  | Found a runed gate.
 33970 | Snake:3  | Found Tadit's Assorted Antiques.
 34011 | Snake:3  | Bought a twisted tourmaline ring for 175 gold pieces
 34120 | Snake:3  | Noticed Vashnia
 34141 | Snake:3  | Killed Vashnia
 34575 | Snake:3  | Noticed Mara
 34576 | Snake:3  | Killed Mara
 35516 | Snake:4  | Entered Level 4 of the Snake Pit
 35616 | Snake:4  | Found a frozen archway.
 36148 | Snake:4  | Reached XP level 19. HP: 45/125 MP: 31/31
 36169 | IceCv    | Entered an ice cave
 36221 | IceCv    | Reached skill level 20 in Staves
 36223 | IceCv    | HP: 4/125 [ice devil (17)]
 37011 | IceCv    | Noticed an Ice Fiend
 37017 | IceCv    | Killed an Ice Fiend
 37393 | IceCv    | Got a steaming quarterstaff
 37394 | IceCv    | Identified the +4 quarterstaff "Dian" {freeze, rF- Int+4} (You found it in an ice cave)
 37413 | IceCv    | Got a fine hat
 37424 | IceCv    | Identified the +1 hat of Good Intentions {rF+++ Str+4 Dex-4} (You found it in an ice cave)
 38529 | Snake:4  | Slain by a naga warrior

Skill      XL: |  1  2  3  4  5  6  7  8  9 10 11 12 13 14 15 16 17 18 19 |
---------------+----------------------------------------------------------+-----
Armour         | 1 2 3 4 6 7 8 10 11 12 13 14 15 16 | 16.0
Staves         | 4 5 6 7 8 10 11 12 14 15 16 17 18 19 20 | 20.4
Fighting       | 3 4 5 6 7 9 11 12 13 14 15 16 | 16.4
Invocations    | 4 6 8 9 10 12 14 15 16 17 | 17.5
Throwing       | |  1.7
Dodging        | |  2.4

Action                   |  1- 3 |  4- 6 |  7- 9 | 10-12 | 13-15 | 16-18 | 19-21 || total
-------------------------+-------+-------+-------+-------+-------+-------+-------++-------
Melee: Quarterstaff      |    75 |   206 |   305 |  1250 |   802 |    82 |       ||  2720
       Lajatang          |       |       |       |       |   808 |  1168 |   304 ||  2280
Invok: Upheaval          |       |       |       |     7 |    13 |    10 |     2 ||    32
       Disaster Area     |       |       |       |       |     2 |     8 |     1 ||    11
 Abil: Fly               |       |       |       |       |     1 |       |       ||     1
  Use: Scroll            |       |    11 |     7 |     5 |     9 |    16 |       ||    48
       Potion            |       |       |     2 |     3 |     4 |     6 |     2 ||    17
 Stab: Confused          |       |     1 |     2 |       |     3 |       |       ||     6
       Distracted        |       |       |       |       |       |     1 |       ||     1
  Eat: Chunk             |       |     4 |     7 |    30 |    11 |     6 |       ||    58
       Fruit             |       |     3 |       |       |     3 |    10 |     7 ||    23
       Pizza             |       |       |     2 |       |     8 |       |       ||    10
       Beef jerky        |       |       |       |       |     4 |     2 |       ||     6
       Royal jelly       |       |       |       |       |     1 |     1 |     2 ||     4
       Meat ration       |       |       |       |       |     2 |     3 |       ||     5
Armor: Leather armour    |    32 |    47 |       |       |       |       |       ||    79
       Scale mail        |       |   107 |   114 |       |       |       |       ||   221
       Plate armour      |       |       |   113 |   800 |   811 |   447 |       ||  2171
       Fire dragon armou |       |       |       |       |       |   328 |   147 ||   475
Dodge: Dodged            |    36 |   166 |   129 |   401 |   447 |   454 |   108 ||  1741
       Deflected         |       |       |       |     5 |    27 |    85 |    35 ||   152
Block: Other             |       |       |       |   206 |   491 |   397 |    75 ||  1169
